 Dungeon Crawl Stone Soup version 0.30-a0-883-g5ad918d77d (webtiles) character file.

Game seed: 11457931534287081750

302904 jrbgvjkr the Peltast (level 20, -7/193 HPs)
             Began as a Minotaur Fighter on Mar 13, 2023.
             Was the Champion of Okawaru.
             Killed from afar by a blizzard demon (50 damage)
             ... with a bolt of cold
             ... in a wizard's laboratory on Mar 15, 2023.
             The game lasted 01:29:38 (41828 turns).

jrbgvjkr the Peltast (Minotaur Fighter)            Turns: 41828, Time: 01:29:39

Health: -7/193     AC: 34    Str: 32    XL:     20   Next: 22%
Magic:  19/19      EV: 36    Int:  5    God:    Okawaru [******]
Gold:   4886       SH: 13    Dex: 17    Spells: 19/19 levels left

rFire   + . .      SeeInvis .    U - +6 broad axe (flame)
rCold   . . .      Faith    .    J - +3 buckler of the Watchman {-Cast rElec rF+ Dex+3}
rNeg    . . .      Spirit   .    V - +1 scale mail "Lethunan" {Dex+2 Slay+4}
rPois   .          Reflect  .    z - +2 hat {Will+}
rElec   +          Rampage  .    p - +2 cloak
rCorr   .          NoCast   +    m - +2 pair of gloves
Will    ++...                    l - +2 pair of boots of Pride {Str+3 Dex+3} Stlth
                                 o - amulet of the acrobat
HPRegen 0.52/turn                F - +4 ring of protection
MPRegen 0.16/turn                a - +4 ring of protection

@: acrobatic
A: horns 2, retaliatory headbutt, clumsy 1, deterioration 1
}: 2/15 runes: decaying, gossamer
a: Renounce Religion, Heroism, Finesse, Duel


You were in a wizard's laboratory.
You worshipped Okawaru.
Okawaru was exalted by your worship.
You visited 7 branches of the dungeon, and saw 35 of its levels.
You visited the Abyss 1 time.
You also visited: Sewer, Gauntlet and Wizlab.

You collected 5831 gold pieces.
You spent 945 gold pieces at shops.

Inventory:

Hand Weapons
 g - a +1 broad axe of venom
 U - a +6 broad axe of flaming (weapon)
Missiles
 Y - a throwing net (quivered)
Armour
 l - the +2 pair of boots of Pride (worn) {Str+3 Dex+3}
   (You found it on level 4 of the Spider Nest)

   Str:       It affects your strength (+3).
   Dex:       It affects your dexterity (+3).
 m - a +2 pair of gloves (worn)
 p - a +2 cloak (worn)
 q - the +5 scale mail of the Journeyman {rN+ rCorr}
   (You found it on level 3 of the Dungeon)

   rN:        It protects you from negative energy.
   rCorr:     It protects you from acid and corrosion.
 z - a +2 hat of willpower (worn)
 A - the +5 chain mail of the Lute {+Blink rPois Str+3}
   (Okawaru gifted it to you on level 3 of the Vaults)

   Str:       It affects your strength (+3).
   rPois:     It protects you from poison.
   +Blink:    It lets you blink.
 D - the scarf "Yfocaygi" {rElec rPois Slay+2}
   (Okawaru gifted it to you on level 13 of the Dungeon)

   Slay:      It affects your accuracy & damage with ranged weapons and melee
   (+2).
   rElec:     It insulates you from electricity.
   rPois:     It protects you from poison.
 J - the +3 buckler of the Watchman (worn) {-Cast rElec rF+ Dex+3}
   (Okawaru gifted it to you on level 12 of the Dungeon)

   Dex:       It affects your dexterity (+3).
   rF:        It protects you from fire.
   rElec:     It insulates you from electricity.
   -Cast:     It prevents spellcasting.
 V - the +1 scale mail "Lethunan" (worn) {Dex+2 Slay+4}
   (Okawaru gifted it to you on level 5 of the Lair of Beasts)

   Dex:       It affects your dexterity (+2).
   Slay:      It affects your accuracy & damage with ranged weapons and melee
   (+4).
 X - the +0 cloak of the Gusle {rC+ rCorr Dex+4}
   (You bought it in a shop on level 2 of the Orcish Mines)

   Dex:       It affects your dexterity (+4).
   rC:        It protects you from cold.
   rCorr:     It protects you from acid and corrosion.
Jewellery
 a - a +4 ring of protection (right hand)
 o - an amulet of the acrobat (around neck)
 y - the ring "Osoz" {rElec rF+}
   (You found it on level 6 of the Dungeon)

   [ring of protection from fire]

   rF:        It protects you from fire.
   rElec:     It insulates you from electricity.
 B - a ring of protection from cold
 F - a +4 ring of protection (left hand)
 M - the ring of the Damp Cherry {Dex+4 SInv}
   (You found it in a Gauntlet)

   [ring of see invisible]

   Dex:       It affects your dexterity (+4).
   SInv:      It lets you see invisible.
 N - a ring of flight
Wands
 c - a wand of iceblast (17)
 h - a wand of digging (5)
 s - a wand of polymorph (18)
 w - a wand of light (12)
 P - a wand of flame (20)
Scrolls
 n - 23 scrolls of teleportation
 t - a scroll of fear
 u - 13 scrolls of fog
 G - 5 scrolls of immolation
 H - 17 scrolls of identify
 I - 8 scrolls of blinking
 O - 7 scrolls of magic mapping
 S - 4 scrolls of silence
 T - 3 scrolls of enchant armour
Potions
 b - 6 potions of attraction
 d - 6 potions of lignification
 e - 15 potions of curing
 f - 9 potions of heal wounds
 i - 4 potions of resistance
 j - 9 potions of haste
 k - 5 potions of cancellation
 r - 6 potions of flight
 v - a potion of magic
 C - 4 potions of ambrosia
 R - 4 potions of might
 W - 5 potions of invisibility
Miscellaneous
 K - a condenser vane


   Skills:
 + Level 20.2 Fighting
 + Level 20.2 Axes
 + Level 20.3 Armour
 + Level 18.5 Dodging
 + Level 20.4 Shields


You had 19 spell levels left.
You didn't know any spells.
Your spell library contained the following spells:

 Spells                   Type           Power      Damage    Failure   Level
 Beastly Appendage        Tmut           0%         N/A       65%         1
 Freeze                   Ice            0%         1d3       65%         1
 Kiss of Death            Conj/Necr      0%         2d5       65%         1
 Necrotise                Necr           0%         1d4       65%         1
 Sting                    Tmut/Pois      0%         1d3       65%         1
 Ensorcelled Hibernation  Hex/Ice        0%         N/A       78%         2
 Passwall                 Tmut/Erth      0%         N/A       78%         2
 Poisonous Vapours        Pois/Air       0%         N/A       78%         2
 Static Discharge         Conj/Air       0%         2-2/arc   78%         2
 Wereblood                Tmut           0%         N/A       78%         2
 Confusing Touch          Hex            0%         N/A       95%         3
 Dazzling Flash           Conj/Hex       0%         N/A       95%         3
 Frozen Ramparts          Ice            0%         1d1       95%         3
 Hailstorm                Conj/Ice       0%         3d3       95%         3
 Ignite Poison            Fire/Tmut/Pois 0%         N/A       95%         3
 Kindle Blastsparks       Fire/Tloc/Air  0%         2d10      95%         3
 Ozocubu's Armour         Ice            0%         N/A       95%         3
 Portal Projectile        Hex/Tloc       0%         N/A       95%         3
 Spider Form              Tmut/Pois      0%         N/A       95%         3
 Swiftness                Air            0%         N/A       95%         3
 Vampiric Draining        Necr           0%         2d6       95%         3
 Vhi's Electric Charge    Tloc/Air       0%         N/A       95%         3
 Airstrike                Air            0%         2d(0-16)  100%        4
 Anguish                  Hex/Necr       0%         N/A       100%        4
 Dispel Undead            Necr           0%         3d6       100%        4
 Iskenderun's Mystic Bla  Conj/Tloc      0%         2d3       100%        4
 Leda's Liquefaction      Hex/Erth       0%         N/A       100%        4
 Olgreb's Toxic Radiance  Pois           0%         N/A       100%        4
 Passage of Golubria      Tloc           0%         N/A       100%        4
 Petrify                  Tmut/Erth      0%         N/A       100%        4
 Agony                    Necr           0%         N/A       100%        5
 Arcjolt                  Conj/Air       0%         1d10      100%        5
 Blade Hands              Tmut           0%         N/A       100%        5
 Freezing Cloud           Conj/Ice/Air   0%         6-21      100%        5
 Lightning Bolt           Conj/Air       0%         1d11      100%        5
 Metabolic Englaciation   Hex/Ice        0%         N/A       100%        5
 Yara's Violent Unravell  Hex/Tmut       0%         3d3       100%        5
 Eringya's Noxious Bog    Tmut/Pois      0%         N/A       100%        6
 Iron Shot                Conj/Erth      0%         9d1       100%        6
 Starburst                Conj/Fire      0%         6d3       100%        6
 Statue Form              Tmut/Erth      0%         N/A       100%        6
 Enfeeble                 Hex            0%         N/A       100%        7
 Borgnjor's Revivificati  Necr           0%         N/A       100%        8
 Necromutation            Tmut/Necr      0%         N/A       100%        8
 Death's Door             Necr           0%         N/A       100%        9
 Call Canine Familiar     Summ           Unusable   N/A       N/A         3
 Tukima's Dance           Hex            Unusable   N/A       N/A         3
 Animate Armour           Summ/Erth      Unusable   N/A       N/A         4
 Summon Lightning Spire   Summ/Air       Unusable   N/A       N/A         4
 Summon Forest            Summ/Tloc      Unusable   N/A       N/A         5
 Simulacrum               Ice/Necr       Unusable   N/A       N/A         6
 Summon Hydra             Summ           Unusable   N/A       N/A         7

Dungeon Overview and Level Annotations

Branches:
Dungeon (15/15)            Temple (1/1) D:7            Lair (5/5) D:9
  Swamp (4/4) Lair:3       Spider (4/4) Lair:2        Slime (0/5) Lair:4
    Orc (2/2) D:9             Elf (0/3) Orc:2        Vaults (4/5) D:13
  Crypt (0/3) Vaults:2     Depths (0/4) D:15          Sewer (visited)
 WizLab (1/1)             Gauntlet (visited)

Altars:
Ashenzari
Cheibriados
Dithmenos
Elyvilon
Fedhas
Gozag
Hepliaklqana
Kikubaaqudgha
Makhleb
Nemelex Xobeh
Okawaru
Qazlal
Ru
Sif Muna
Trog
Uskayaw
Vehumet
Wu Jian
Xom
Yredelemnul
Zin
The Shining One

Shops:
D:8 :   Orc:2 ****

Annotations:
D:8 Psyche
D:9 3 runed translucent doors, Touch's ghost, journeyman DjEE
Swamp:1 1 runed translucent door, Bnni's ghost, adept FoVM


Innate Abilities, Weirdness & Mutations

You have a pair of horns on your head.
You reflexively headbutt those who attack you in melee.
You are clumsy. (Dex -2)
Your body sometimes deteriorates upon taking damage.


Message History

You are more poisoned.
* * * LOW HITPOINT WARNING * * *
You feel extremely sick.
You slice the death drake!! You burn the death drake.
Your headbutt misses the death drake.
The death drake is almost dead.
You feel very sick. The death drake closely misses you.
You furiously retaliate!
You headbutt the death drake!!
You kill the death drake!
Okawaru accepts your kill.
You feel extremely sick.
You feel very sick.
You feel very sick.
An apocalypse crab comes into view.
You feel very sick.
You see here a death drake corpse.
You feel sick.
You feel very sick.
You feel sick.
You feel sick.
You feel sick.
You feel sick.
You feel sick.
You feel sick.
You feel sick.
You are no longer poisoned.
Items here: [ †††.
There is an open door, spattered with blood here.
You close the door.
You start resting.
A blizzard demon comes into view.
You open the door.
The blizzard demon shouts!
The blizzard demon gestures at you.
The bolt of cold hits you but does no damage.
There is an open door, spattered with blood here.
The blizzard demon gestures at you. The bolt of cold hits you!!!
You die...

#≈#..§§......§...+ ≈≈
###.....§.....###### §§§ #
##...§§§...[...###≈≈ §§§§#
##...§##'##§.....##≈
§§§§#'####....##2..##....§.##
§§§§#.##.....##.....##...§§§#
§§§§§#.#§§...[#|......##§§§§##
§§§§§§#.§§§...#'.∩.∩.∩.'..§§..#
§§§§§§###§§...@#.......#.§§§§.#
v§§§§§≈#§§.§§.###.....##§....##
§§§§§§###...§§§###...##§§§...#≈
§§§§§§≈#§§§§§§#####'##§§....##≈
§§§≈≈§###§...§.###....§§....#≈≈
§§§####.§§§...###......§...##≈≈
§§###§.§....###≈##.....§§.##≈≈≈
≈≈#§§§.§..###≈≈≈≈##.....###≈≈≈≈
≈≈##§.§..†.##≈≈≈≈≈##.§.##≈≈≈≈≈≈


You could see a blizzard demon.

Vanquished Creatures
  Saint Roka (Orc:2)
  Zenata (Vaults:3)
  A lich (Vaults:3)
  2 shadow dragons (Vaults:3)
  Gastronok (D:8)
  2 thorn hunters
  5 sphinxes
  Roxanne (Swamp:2)
  A deep elf sorcerer (Vaults:3)
  7 emperor scorpions (Spider:4)
  Louise (Spider:2)
  2 ghost moths (Spider:4)
  2 orc warlords
  15 ironbound preservers
  7 vault wardens
  A ghoul (Vaults:2)
  A broodmother (Spider:3)
  5 ironbound thunderhulks
  A stone giant (Vaults:3)
  8 very ugly things
  3 war gargoyles
  Nessos (D:14)
  A vampire knight (Vaults:2)
  3 eleionomae
  2 bunyips (Swamp:4)
  A minotaur (Gauntlet)
  5 dire elephants
  4 spark wasps
  Snorg (D:11)
  A deep elf death mage (Vaults:3)
  2 crystal guardians
  3 ettins
  3 fire dragons (Swamp:4)
  Josephine (Lair:4)
  3 entropy weavers
  A deep elf high priest (Vaults:3)
  6 yaktaur captains
  19 hydras
  5 great orbs of eyes
  2 catoblepae
  3 peacekeepers
  10 ironbound frosthearts
  A jorogumo (Spider:3)
  22 two-headed ogres
  5 spriggan air magi (WizLab)
  6 ogre magi
  2 radroaches
  5 vault guards
  A ghost crab (Swamp:4)
  A death knight (Vaults:2)
  7 alligators
  7 boulder beetles
  5 centaur warriors
  Urug (Lair:4)
  A shock serpent (WizLab)
  An orc high priest (Orc:1)
  2 spriggan berserkers (Swamp:2)
  8 death yaks
  Nergalle (D:10)
  The ghost of frocskos the Protected, a novice HOFi of the Shining One (D:7)
  4 skysharks
  Lodul (D:11)
  5 pharaoh ants
  3 sun moths
  6 goliath frogs
  An obsidian statue (Lair:5)
  4 death drakes (WizLab)
  9 swamp dragons
  A bog body (Swamp:2)
  A spectral anaconda (Lair:5)
  A spectral death yak (Lair:5)
  2 spriggan druids
  40 deep trolls
  2 glowing orange brains
  7 orb spiders
  6 wizards
  8 necromancers
  A phantasmal warrior (Vaults:2)
  6 steelbarb worms
  12 lindwurms
  10 ironbound convokers
  5 orc knights
  2 deep elf pyromancers
  24 ugly things
  3 manticores
  15 wolf spiders
  5 cyclopes
  4 will-o-the-wisps
  2 moths of wrath
  An ice statue (Gauntlet)
  17 vault sentinels
  Joseph (D:7)
  3 black mambas
  Maurice (D:11)
  An apocalypse crab (WizLab)
  2 gargoyles
  11 demonic crawlers
  5 torpor snails
  15 elephants
  9 cane toads
  A kobold demonologist (D:14)
  14 yaktaurs
  5 rime drakes
  An efreet (D:15)
  10 komodo dragons
  A yaktaur (shapeshifter) (Spider:3)
  21 tarantellas
  8 trolls
  2 polar bears
  6 tyrant leeches
  12 hornets
  22 blink frogs
  A raiju (Gauntlet)
  4 dream sheep (Lair:5)
  A dream sheep (shapeshifter) (D:15)
  33 jumping spiders
  21 culicivoras
  12 flying skulls (Gauntlet)
  10 air elementals (WizLab)
  9 wraiths
  Sigmund (D:6)
  2 shadows
  46 slime creatures
  13 spriggans
  7 wyverns
  70 yaks
  2 basilisks
  16 humans (D:13)
  Eustachio (D:4)
  A fire elemental (Swamp:4)
  8 steam dragons
  The ghost of arbi1337 the Shield-Bearer, an amateur HuFi (D:4)
  45 redbacks
  2 death yak simulacra (Lair:5)
  10 vampire mosquitoes
  Menkaure (D:6)
  3 wargs
  Edmund (D:6)
  2 acid dragons
  19 swamp worms
  15 water moccasins
  31 orc warriors
  10 swamp drakes
  2 black bears
  9 boggarts
  22 wolves
  16 centaurs
  30 ogres
  An elephant skeleton (Lair:5)
  4 phantoms
  Blork the orc (D:6)
  A kobold brigand (D:9)
  11 bullfrogs
  A scorpion (Orc:1)
  4 gnoll sergeants
  5 wights (D:7)
  An elephant simulacrum (Lair:5)
  5 killer bees
  5 howler monkeys
  2 electric eels (D:9)
  2 lava snakes (Swamp:4)
  8 jellies
  A bullfrog zombie (D:4)
  Crazy Yiuf (D:6)
  11 hounds
  19 orc priests
  A bullfrog skeleton (D:4)
  2 sleepcaps
  7 iguanas
  26 orc wizards
  10 adders
  15 gnolls
  2 river rats (D:3)
  3 shadow imps
  5 white imps
  An ufetubus (D:5)
  2 worms
  A dart slug (D:2)
  124 orcs
  7 ball pythons
  7 endoplasms
  7 giant cockroaches
  2 goblins
  9 hobgoblins
  9 jackals
  13 kobolds
  3 quokkas
  8 bats
  2 frilled lizards (D:2)
  4 rats
  6 briar patches (Swamp:3)
  A toadstool (D:12)
1418 creatures vanquished.

Vanquished Creatures (others)
  A shambling mangrove (Swamp:4)
  A wolf spider (Spider:1)
  2 bloated husks
  A hornet (Swamp:4)
  2 steam dragons (Swamp:4)
  A swamp drake (Swamp:4)
  An orc (D:9)
  4 briar patches (Swamp:1)
  2 foxfires (Swamp:1)
  29 fungi
  28 plants
  14 toadstools
  30 withered plants (Lair:5)
116 creatures vanquished.

Grand Total: 1534 creatures vanquished

Notes
Turn   | Place    | Note
-------+----------+-------------------------------------------
     0 | D:1      | jrbgvjkr the Minotaur Fighter began the quest for the Orb.
     0 | D:1      | Reached XP level 1. HP: 19/19 MP: 0/0
   324 | D:1      | Reached XP level 2. HP: 27/27 MP: 1/1
   487 | D:1      | Reached skill level 1 in Dodging
   868 | D:2      | Reached XP level 3. HP: 33/33 MP: 2/2
   988 | D:2      | Reached XP level 4. HP: 40/40 MP: 3/3
  1619 | D:3      | Found a faded altar of an unknown god.
  1657 | D:3      | Reached XP level 5. HP: 38/47 MP: 4/4
  1676 | D:3      | Identified the +5 scale mail of the Journeyman {rN+ rCorr}
  1733 | D:3      | Found a glowing drain.
  1745 | Sewer    | Entered a sewer
  1769 | Sewer    | Noticed a water moccasin
  1779 | Sewer    | Killed a water moccasin
  1780 | Sewer    | Reached XP level 6. HP: 33/55 MP: 5/5
  2417 | D:4      | Reached skill level 5 in Shields
  2421 | D:4      | Reached skill level 5 in Fighting
  2448 | D:4      | Reached skill level 5 in Armour
  2768 | D:4      | Noticed Eustachio
  2809 | D:4      | Killed Eustachio
  2810 | D:4      | Reached XP level 7. HP: 50/61 MP: 6/6
  2859 | D:4      | Found a shadowy altar of Dithmenos.
  2859 | D:4      | Found a shimmering blue altar of Sif Muna.
  3170 | D:4      | Found a transporter.
  3194 | D:4      | Found a transporter.
  3199 | D:4      | Noticed arbi1337's ghost (amateur HuFi)
  3226 | D:4      | Killed arbi1337's ghost
  3227 | D:4      | Reached skill level 5 in Axes
  3351 | D:5      | Entered Level 5 of the Dungeon
  3496 | D:5      | Reached XP level 8. HP: 61/70 MP: 7/7
  4227 | D:6      | Noticed Blork the orc
  4229 | D:6      | Noticed Sigmund
  4236 | D:6      | Killed Blork the orc
  4242 | D:6      | Killed Sigmund
  4243 | D:6      | Reached skill level 5 in Dodging
  4313 | D:6      | Noticed Menkaure
  4316 | D:6      | Killed Menkaure
  4589 | D:6      | Noticed Edmund
  4603 | D:6      | Killed Edmund
  4604 | D:6      | Reached XP level 9. HP: 63/79 MP: 8/8
  4998 | D:6      | Found a runed translucent door.
  4999 | D:6      | Noticed Crazy Yiuf
  5004 | D:6      | Killed Crazy Yiuf
  5247 | D:6      | Identified the ring "Osoz" {rElec rF+}
  5760 | D:7      | Noticed Joseph
  5775 | D:7      | Killed Joseph
  6067 | D:7      | Found a staircase to the Ecumenical Temple.
  6084 | Temple   | Entered the Ecumenical Temple
  6154 | Temple   | Became a worshipper of Warmaster Okawaru
  6212 | D:7      | Found a runed translucent door.
  6212 | D:7      | Noticed frocskos's ghost (novice HOFi)
  6352 | D:7      | Noticed a troll
  6355 | D:7      | Noticed a manticore
  6360 | D:7      | Killed a troll
  6365 | D:7      | Killed a manticore
  6365 | D:7      | Reached * piety under Okawaru
  6366 | D:7      | Reached XP level 10. HP: 71/90 MP: 9/9
  6438 | D:7      | Noticed a cyclops
  6443 | D:7      | Killed a cyclops
  6463 | D:7      | Reached ** piety under Okawaru
  6628 | D:7      | Found a broken altar of Ashenzari.
  6804 | D:7      | Killed frocskos's ghost
  6993 | D:8      | Noticed a gargoyle
  7002 | D:8      | Killed a gargoyle
  7002 | D:8      | Reached *** piety under Okawaru
  7259 | D:8      | Noticed Gastronok
  7273 | D:8      | Killed Gastronok
  7595 | D:8      | Noticed Psyche
  7738 | D:8      | Found Imaowk's Vocational Training.
  8081 | D:9      | Gained mutation: You have large cloven feet. [potion of
                  | mutation]
  8113 | D:9      | Reached **** piety under Okawaru
  8114 | D:9      | Reached XP level 11. HP: 99/99 MP: 10/10
  8128 | D:9      | Reached skill level 10 in Armour
  8128 | D:9      | Reached skill level 10 in Shields
  8159 | D:9      | Found a runed translucent gate.
  8161 | D:9      | Found a runed translucent gate.
  8161 | D:9      | Noticed Touch's ghost (journeyman DjEE)
  8162 | D:9      | Found a runed translucent gate.
  8257 | D:9      | Reached skill level 10 in Fighting
  8334 | D:9      | Noticed a cyan ugly thing
  8344 | D:9      | Killed a cyan ugly thing
  8374 | D:9      | Found a staircase to the Lair.
  8405 | D:9      | Reached ***** piety under Okawaru
  8426 | D:9      | Reached skill level 10 in Axes
  8469 | D:9      | Found a staircase to the Orcish Mines.
  8478 | D:9      | Identified the +7 broad axe of Equilibrium {heavy, *Noise
                  | rF- Str+3 Int+5} (Okawaru gifted it to you on level 9 of
                  | the Dungeon)
  8478 | D:9      | Received a gift from Okawaru
  9148 | D:10     | Entered Level 10 of the Dungeon
  9148 | D:10     | Noticed Nergalle
  9154 | D:10     | Killed Nergalle
  9555 | Abyss:1  | Cast into level 1 of the Abyss (gnoll sergeant)
  9579 | D:10     | Escaped the Abyss
 10146 | D:11     | Noticed Snorg
 10161 | D:11     | Killed Snorg
 10830 | D:11     | Noticed Maurice
 10836 | D:11     | Killed Maurice
 10864 | D:11     | Noticed a two-headed ogre
 10872 | D:11     | Killed a two-headed ogre
 10873 | D:11     | Reached XP level 12. HP: 105/110 MP: 11/11
 11057 | D:11     | Noticed a two-headed ogre
 11065 | D:11     | Killed a two-headed ogre
 11166 | D:11     | Noticed Lodul
 11172 | D:11     | Reached skill level 10 in Dodging
 11176 | D:11     | Received a gift from Okawaru
 11186 | D:11     | Killed Lodul
 11660 | D:12     | Identified the +3 buckler of the Watchman {-Cast rElec rF+
                  | Dex+3} (Okawaru gifted it to you on level 12 of the
                  | Dungeon)
 11660 | D:12     | Received a gift from Okawaru
 11918 | D:12     | Noticed a two-headed ogre
 11926 | D:12     | Killed a two-headed ogre
 12530 | D:13     | Lost mutation: You have large cloven feet. [potion of
                  | mutation]
 12530 | D:13     | Gained mutation: Your spells are a little easier to cast,
                  | but a little less powerful. [potion of mutation]
 12530 | D:13     | Gained mutation: You are covered in fur. (AC +1) [potion of
                  | mutation]
 12530 | D:13     | Gained mutation: Potions are less effective at restoring
                  | your health. [potion of mutation]
 12530 | D:13     | Gained mutation: You are agile. (Dex +4, Str/Int -1)
                  | [potion of mutation]
 12610 | D:13     | Found a gate to the Vaults.
 12610 | D:13     | Noticed a vault guard
 12610 | D:13     | Noticed a vault guard
 12610 | D:13     | Noticed a vault guard
 12629 | D:13     | Killed a vault guard
 12630 | D:13     | Reached XP level 13. HP: 119/119 MP: 12/12
 12975 | D:13     | Received a gift from Okawaru
 13630 | D:14     | Noticed Nessos
 13652 | D:14     | Killed Nessos
 13915 | D:14     | You fall into a shaft and drop 1 floor!
 13915 | D:15     | Entered Level 15 of the Dungeon
 14058 | D:15     | Found a gate leading to a gauntlet.
 14067 | Gauntlet | Entered a Gauntlet
 14067 | Gauntlet | Found a large runed translucent door.
 14067 | Gauntlet | Found a large runed translucent door.
 14067 | Gauntlet | Found a large runed translucent door.
 14067 | Gauntlet | Found a large runed translucent door.
 14067 | Gauntlet | Found a large runed translucent door.
 14067 | Gauntlet | Found a large runed translucent door.
 14067 | Gauntlet | Found a runed translucent door.
 14067 | Gauntlet | Found a transporter.
 14067 | Gauntlet | Found a transporter.
 14067 | Gauntlet | Found a runed translucent door.
 14067 | Gauntlet | Found a large runed translucent door.
 14067 | Gauntlet | Found a large runed translucent door.
 14067 | Gauntlet | Found a large runed translucent door.
 14067 | Gauntlet | Found a large runed translucent door.
 14067 | Gauntlet | Found a large runed translucent door.
 14067 | Gauntlet | Found a large runed translucent door.
 14071 | Gauntlet | Found a transporter.
 14071 | Gauntlet | Found a transporter.
 14080 | Gauntlet | Found a transporter.
 14099 | Gauntlet | Found a transporter.
 14109 | Gauntlet | Found a transporter.
 14109 | Gauntlet | Found a transporter.
 14113 | Gauntlet | Found a transporter.
 14140 | Gauntlet | Found a transporter.
 14149 | Gauntlet | Found a transporter.
 14164 | Gauntlet | Found a large runed translucent door.
 14165 | Gauntlet | Found a large runed translucent door.
 14167 | Gauntlet | Found a runed translucent gate.
 14168 | Gauntlet | Found a runed translucent gate.
 14169 | Gauntlet | Found a transporter.
 14169 | Gauntlet | Found a runed translucent gate.
 14187 | Gauntlet | Found a large runed translucent door.
 14188 | Gauntlet | Found a large runed translucent door.
 14214 | Gauntlet | Found a transporter.
 14228 | Gauntlet | Found a transporter.
 14329 | Gauntlet | Found a transporter.
 14345 | Gauntlet | Found a transporter.
 14689 | Gauntlet | Identified the +3 sling "Gemauvoa" {freeze, *Slow rElec
                  | rF++ rN+++}
 14690 | Gauntlet | Identified the ring of the Damp Cherry {Dex+4 SInv}
 14797 | Gauntlet | Noticed a minotaur
 14805 | Gauntlet | Killed a minotaur
 14805 | Gauntlet | Received a gift from Okawaru
 14999 | D:14     | Reached ****** piety under Okawaru
 15519 | Lair:1   | Entered Level 1 of the Lair of Beasts
 15894 | Lair:1   | Identified the +4 tower shield of the Valley of Death {MP+9
                  | Str+3 Dex-3} (Okawaru gifted it to you on level 1 of the
                  | Lair of Beasts)
 15894 | Lair:1   | Received a gift from Okawaru
 16327 | Lair:2   | Found a hole to the Spider Nest.
 16440 | Lair:2   | Reached XP level 14. HP: 129/129 MP: 13/13
 17658 | Lair:3   | Received a gift from Okawaru
 17826 | Lair:3   | Found a staircase to the Swamp.
 18097 | Lair:4   | Found a staircase to the Slime Pits.
 18192 | Lair:4   | Noticed Urug
 18208 | Lair:4   | Killed Urug
 18255 | Lair:4   | Noticed Josephine
 18266 | Lair:4   | Killed Josephine
 18286 | Lair:4   | Received a gift from Okawaru
 19228 | Lair:5   | Entered Level 5 of the Lair of Beasts
 19303 | Lair:5   | Identified the +1 scale mail "Lethunan" {Dex+2 Slay+4}
                  | (Okawaru gifted it to you on level 5 of the Lair of Beasts)
 19303 | Lair:5   | Received a gift from Okawaru
 19492 | Lair:5   | Reached XP level 15. HP: 68/139 MP: 11/14
 19509 | Lair:5   | Reached skill level 15 in Shields
 19523 | Lair:5   | Reached skill level 15 in Armour
 19870 | Lair:5   | Reached skill level 15 in Fighting
 20114 | Lair:5   | Reached skill level 15 in Axes
 20978 | Orc:1    | Entered Level 1 of the Orcish Mines
 21058 | Orc:1    | Found a bloodstained altar of Trog.
 21155 | Orc:2    | Entered Level 2 of the Orcish Mines
 21629 | Orc:2    | Identified the +2 cloak of New Discoveries {Int-4 Dex+5}
                  | (Okawaru gifted it to you on level 2 of the Orcish Mines)
 21629 | Orc:2    | Received a gift from Okawaru
 21650 | Orc:2    | Found Jiliocimp's Assorted Antiques.
 21650 | Orc:2    | Found Zafajeer's General Store.
 21894 | Orc:2    | Found Yryid's General Store.
 21894 | Orc:2    | Found Rixoof's General Store.
 21903 | Orc:2    | Bought a potion of haste for 230 gold pieces
 21903 | Orc:2    | Bought a potion of heal wounds for 115 gold pieces
 21903 | Orc:2    | Bought a potion of curing for 69 gold pieces
 21903 | Orc:2    | Bought a silvery potion for 20 gold pieces
 21903 | Orc:2    | Bought a crude cloak for 218 gold pieces
 21903 | Orc:2    | Identified the +0 cloak of the Gusle {rC+ rCorr Dex+4} (You
                  | bought it in a shop on level 2 of the Orcish Mines)
 21905 | Orc:2    | Bought a scroll of blinking for 105 gold pieces
 21908 | Orc:2    | Bought a scroll of fear for 52 gold pieces
 21908 | Orc:2    | Bought a scroll of blinking for 97 gold pieces
 21908 | Orc:2    | Bought a scroll of teleportation for 39 gold pieces
 22094 | Orc:2    | Noticed Saint Roka
 22095 | Orc:2    | Found a staircase to the Elven Halls.
 22113 | Orc:2    | Killed Saint Roka
 22560 | Orc:2    | Reached XP level 16. HP: 125/151 MP: 15/15
 23564 | D:15     | Identified the +1 crystal plate armour "Maereah" {Rampage
                  | Int+4} (Okawaru gifted it to you on level 15 of the
                  | Dungeon)
 23564 | D:15     | Received a gift from Okawaru
 23918 | D:15     | Found a staircase to the Depths.
 24425 | Spider:1 | Entered Level 1 of the Spider Nest
 24481 | Spider:1 | Lost mutation: You are covered in fur. (AC +1) [potion of
                  | mutation]
 24481 | Spider:1 | Lost mutation: Your spells are a little easier to cast, but
                  | a little less powerful. [potion of mutation]
 24481 | Spider:1 | Gained mutation: You have sharp toenails. [potion of
                  | mutation]
 24481 | Spider:1 | Gained mutation: You occasionally lose the ability to drink
                  | potions when taking damage. [potion of mutation]
 24481 | Spider:1 | Gained mutation: You have a somewhat thin skeletal
                  | structure. (Dex +2, Stealth+) [potion of mutation]
 25855 | Spider:2 | Noticed Louise
 25883 | Spider:2 | Killed Louise
 25938 | Spider:2 | Reached skill level 15 in Dodging
 27475 | Spider:3 | Identified a scroll of acquirement
 27479 | Spider:3 | Acquired 902 gold pieces
 27950 | Spider:4 | Entered Level 4 of the Spider Nest
 28033 | Spider:4 | Received a gift from Okawaru
 28297 | Spider:4 | Reached XP level 17. HP: 161/161 MP: 16/16
 29878 | Spider:4 | Received a gift from Okawaru
 30062 | Spider:4 | Identified the +2 pair of boots of Pride {Str+3 Dex+3}
 30119 | Spider:4 | Got a gossamer rune of Zot
 30483 | Lair:2   | Upgraded the game from 0.30-a0-879-ga8ba668304 to
                  | 0.30-a0-883-g5ad918d77d
 30531 | Swamp:1  | Entered Level 1 of the Swamp
 31111 | Swamp:1  | Found a runed translucent door.
 31111 | Swamp:1  | Found a shimmering altar of Xom.
 31111 | Swamp:1  | Noticed Bnni's ghost (adept FoVM)
 31465 | Swamp:2  | Lost mutation: You occasionally lose the ability to drink
                  | potions when taking damage. [potion of mutation]
 31465 | Swamp:2  | Lost mutation: You have a somewhat thin skeletal structure.
                  | (Dex +2, Stealth+) [potion of mutation]
 31465 | Swamp:2  | Lost mutation: You are agile. (Dex +4, Str/Int -1) [potion
                  | of mutation]
 31465 | Swamp:2  | Gained mutation: You are occasionally teleported next to
                  | monsters. [potion of mutation]
 31465 | Swamp:2  | Gained mutation: You are partially covered in iridescent
                  | scales. (AC +2) [potion of mutation]
 31466 | Swamp:2  | Lost mutation: You are partially covered in iridescent
                  | scales. (AC +2) [potion of mutation]
 31466 | Swamp:2  | Lost mutation: You have sharp toenails. [potion of
                  | mutation]
 31466 | Swamp:2  | Gained mutation: You have hidden genetic defects. [potion
                  | of mutation]
 31466 | Swamp:2  | Gained mutation: Your spells are a little harder to cast,
                  | but a little more powerful. [potion of mutation]
 31467 | Swamp:2  | Lost mutation: Your spells are a little harder to cast, but
                  | a little more powerful. [potion of mutation]
 31467 | Swamp:2  | Lost mutation: Potions are less effective at restoring your
                  | health. [potion of mutation]
 31467 | Swamp:2  | Lost mutation: You are occasionally teleported next to
                  | monsters. [potion of mutation]
 31467 | Swamp:2  | Gained mutation: Your body sometimes deteriorates upon
                  | taking damage. [potion of mutation]
 31467 | Swamp:2  | Gained mutation: You occasionally shout uncontrollably at
                  | your foes. [potion of mutation]
 31467 | Swamp:2  | Gained mutation: You are robust. (+10% HP) [potion of
                  | mutation]
 31468 | Swamp:2  | Lost mutation: You occasionally shout uncontrollably at
                  | your foes. [potion of mutation]
 31468 | Swamp:2  | Lost mutation: You are robust. (+10% HP) [potion of
                  | mutation]
 31468 | Swamp:2  | Lost mutation: You have hidden genetic defects. [potion of
                  | mutation]
 31468 | Swamp:2  | Gained mutation: You are clumsy. (Dex -2) [potion of
                  | mutation]
 31636 | Swamp:2  | Noticed Roxanne
 31895 | Swamp:2  | Killed Roxanne
 32055 | Swamp:3  | Identified the +3 ring mail of Discretion {rC+} (Okawaru
                  | gifted it to you on level 3 of the Swamp)
 32055 | Swamp:3  | Received a gift from Okawaru
 33269 | Swamp:3  | Found a white marble altar of Elyvilon.
 33278 | Swamp:3  | Identified the +3 trident "Wich" {flame, rF++ Stlth+}
 33686 | Swamp:4  | Entered Level 4 of the Swamp
 33801 | Swamp:4  | Reached XP level 18. HP: 152/172 MP: 17/17
 34871 | Swamp:4  | Got a decaying rune of Zot
 35264 | Vaults:1 | Entered Level 1 of the Vaults
 35351 | D:13     | Identified the scarf "Yfocaygi" {rElec rPois Slay+2}
                  | (Okawaru gifted it to you on level 13 of the Dungeon)
 35351 | D:13     | Received a gift from Okawaru
 35619 | Vaults:1 | Paralysed by a sphinx for 3 turns
 37669 | Vaults:2 | Identified the scarf of Okawaru's Grace {rN+} (Okawaru
                  | gifted it to you on level 2 of the Vaults)
 37669 | Vaults:2 | Received a gift from Okawaru
 37737 | Vaults:2 | Identified the +3 spear "Tabbys" {antimagic, Str+3 Dex-2
                  | SInv Stlth+}
 37906 | Vaults:2 | Reached XP level 19. HP: 182/182 MP: 18/18
 38031 | Vaults:2 | Lost intelligence.
 38647 | Vaults:2 | Found a staircase to the Crypt.
 39298 | Vaults:3 | Noticed Zenata
 39305 | Vaults:3 | Received a gift from Okawaru
 39323 | Vaults:3 | Killed Zenata
 40098 | Vaults:3 | Identified the +5 chain mail of the Lute {+Blink rPois
                  | Str+3} (Okawaru gifted it to you on level 3 of the Vaults)
 40098 | Vaults:3 | Received a gift from Okawaru
 40844 | Vaults:3 | Reached XP level 20. HP: 131/193 MP: 19/19
 41427 | Vaults:4 | Acquired 936 gold pieces
 41550 | Vaults:4 | Found a magical portal.
 41555 | WizLab   | Entered The Chambers of the Cloud Mage
 41631 | WizLab   | Paralysed by an air elemental for 1 turns
 41828 | WizLab   | Killed from afar by a blizzard demon

Illustrated notes

Levels and vault maps discovered:
D:1:      minmay_arrival_radiant_lines, layout_basic, serial_bayou_pond_d
D:2:      layout_loops_ring
D:3:      layout_basic, shapermc_ecumenical_altar_ellora, portal_sewer_entry_b
D:4:      cheibrodos_pilgrimage, layout_gridville,
          chequers_temple_overflow_statue_of_worship, gammafunk_ghost_mausoleum,
          uniq_eustachio
D:5:      layout_gridville, dreamdust_wishing_well
D:6:      layout_layer_cave, uniq_sigmund, uniq_edmund, uniq_blork_the_orc,
          uniq_menkaure, uniq_crazy_yiuf_cottage
D:7:      layout_rooms, marbit_many_paths, minmay_temple_entry_waves,
          hellmonk_ghost_happy_afterlife, dreamdust_mushroom_princess,
          kb_rosetta, uniq_joseph
D:8:      layout_basic, nicolae_shop_vocational, uniq_psyche, uniq_gastronok
D:9:      layout_roguey, erik_lair_island, erik_orc_1,
          gammafunk_ghost_nasty_kobolds, kennysheep_pointless_box
D:10:     layout_loops_ring, minivault_25_ag, kennysheep_decorative_pillar,
          skrybe_limestone_x, minmay_misc_feat_diagonals,
          kennysheep_generic_room_14, uniq_nergalle
D:11:     layout_stronghold, patterned_corridor, uniq_snorg, uniq_lodul,
          uniq_maurice
D:12:     layout_long_grid, minmay_gold_behind_fungi, minivault_24
D:13:     layout_grid_maze, grunt_vaults_entry_tiered
D:14:     layout_loops_ring, nrook_pool_corridor, corexii_corridor_pit,
          uniq_nessos
D:15:     gammafunk_enter_depths_forms, layout_irregular_city,
          gauntlet_entry_generic, corexii_corridor_pit, minmay_misc_feat_x
Temple:   compressed_dpeg_triangle_lava_temple
Lair:1:   layout_hall_layers
Lair:2:   layout_regular_city, spider_nest_entry_web_field, serial_rivers,
          chequers_serial_rivers_marsh, chequers_serial_rivers_micro_e,
          chequers_serial_rivers_micro_d, chequers_serial_rivers_small_a,
          chequers_serial_rivers_small_b
Lair:3:   layout_chaotic_city, minmay_swamp_entry_reptiles, grunt_megastairs_4
Lair:4:   layout_cave_pods, nicolae_slime_entry_slimehenge, uniq_josephine,
          uniq_urug
Lair:5:   due_jungle_book, layout_regular_city, nicolae_quartered_pool_super
Swamp:1:  layout_basic_swamp, ebering_ghost_xom, evilmike_swamp_ruin_house_3,
          infiniplex_staircase_pool
Swamp:2:  layout_falls_marsh, serial_swamp_ruin, evilmike_swamp_ruin_house_4,
          evilmike_swamp_ruin_house_6, uniq_roxanne
Swamp:3:  cheibrodos_swamp_tower_of_moss, layout_falls_marsh,
          lemuel_altar_in_water, swamp_pool1
Swamp:4:  swamp_fiery, layout_basic_swamp
Spider:1: layout_chambers
Spider:2: layout_spider_delve, hangedman_spider_tarantella_strand, uniq_louise
Spider:3: nicolae_spider_mines_2, hellmonk_deceptive_appearances
Spider:4: guppyfry_spider_rune, nicolae_spider_twisty_arc_passages
Orc:1:    layout_caves, trog_butcher_becter
Orc:2:    st_orc_ogre_mass, layout_diamond_mine, lightli_orcish_oven,
          uniq_saint_roka
Vaults:1: hangedman_vaults_slither, nicolae_vaults_windows_and_doors_thing,
          vaults_mumra_lcd, grunt_vaults_trifunnel, v_misc_2,
          vaults_room_hallway, v_misc_3, v_misc_11,
          nicolae_vaults_little_squares_6, vaults_room_semicircle,
          layout_vaults_omnigrid
Vaults:2: nicolae_vaults_little_squares_2, vaults_mumra_minichess,
          minmay_crypt_entry_simple_walls, vaults_room_stairs_pillars,
          v_misc_26, hangedman_vaults_impose, nicolae_vaults_mini_display_case,
          vaults_standard_mumra_x, vaults_dpeg_hooks, ontoclasm_vaults_gallery,
          nicolae_vaults_little_ls, hangedman_vaults_trim,
          layout_vaults_big_room
Vaults:3: nicolae_vaults_circle_grid_b, vaults_room_pool,
          ontoclasm_vaults_hangar, nicolae_vaults_shelves_hall,
          hangedman_vaults_unwind, nicolae_vaults_inception_statues,
          hangedman_vaults_maws, hangedman_vaults_capsules,
          dpeg_vaults_monster_row, v_pattern_3, vaults_room_large_hall,
          vaults_mumra_hexcomb, dpeg_vaults_waves, vaults_dpeg_diagonal,
          nicolae_vaults_circle_grid_b, ontoclasm_vaults_hangar,
          layout_vaults_maze, uniq_zenata
Vaults:4: mu_enter_wizlab_1, vaults_room_boxed, st_octagons_1, v_rooms_6,
          hangedman_vaults_trim, nicolae_vaults_diagonal_hallway_6,
          nicolae_vaults_little_squares_6, nicolae_vaults_little_squares_5,
          vaults_dpeg_doors, nicolae_vaults_little_squares_2,
          layout_vaults_omnicross, serial_shops, nicolae_shop_statue_plus
WizLab:   wizlab_cloud

Skill      XL: |  1  2  3  4  5  6  7  8  9 10 11 12 13 14 15 16 17 18 19 |
---------------+----------------------------------------------------------+-----
Dodging        | 1 2 3 4 5 6 8 9 10 12 13 14 15 16 17 18 | 18.5
Fighting       | 4 5 6 7 8 9 11 12 13 14 15 17 18 19 20 | 20.2
Shields        | 4 5 6 7 8 9 11 12 13 14 16 17 18 19 20 | 20.4
Armour         | 4 5 6 7 8 9 11 12 13 14 16 17 18 19 20 | 20.3
Axes           | 3 4 5 6 8 9 10 12 13 14 15 16 18 19 20 | 20.2

Action                     |  1- 3 |  4- 6 |  7- 9 | 10-12 | 13-15 | 16-18 | 19-21 || total
---------------------------+-------+-------+-------+-------+-------+-------+-------++-------
  Melee: War axe           |    69 |   153 |   201 |   499 |   485 |       |       ||  1407
         Headbutt          |    10 |    21 |    43 |   111 |   312 |   412 |   142 ||  1051
         Kick              |       |       |       |   134 |       |       |       ||   134
         Broad axe         |       |       |       |       |   576 |  1268 |   455 ||  2299
 Invoke: Heroism           |       |       |       |     1 |     4 |     2 |     1 ||     8
  Evoke: Wand              |       |       |       |    11 |     2 |       |     2 ||    15
    Use: Scroll            |     2 |    10 |     8 |    11 |     5 |    10 |     2 ||    48
         Potion            |       |       |     1 |     4 |     2 |    11 |     6 ||    24
   Stab: Invisible         |       |       |       |     1 |     1 |       |       ||     2
         Sleeping          |       |       |       |       |     1 |    10 |       ||    11
         Distracted        |       |       |       |       |       |     4 |     1 ||     5
 Armour: Scale mail        |    37 |    71 |    93 |   208 |   311 |   440 |   165 ||  1325
  Dodge: Dodged            |    34 |    89 |   126 |   282 |   657 |   959 |   299 ||  2446
  Block: Buckler           |    17 |    37 |    46 |   200 |   529 |   716 |   215 ||  1760

Table legend: (Time is in decaauts)
 A = Elapsed time spent in this place.
 B = Non-inter-level travel time spent in this place.
 C = Inter-level travel time spent in this place.
 D = Time resting spent in this place.
 E = Time spent auto-exploring this place.
 F = Levels seen in this place.
 G = Mean time per level.
                   A        B        C        D        E       F      G
               +--------+--------+--------+--------+--------+-----+--------+
         Total |  42135 |  39780 |   2355 |   1667 |  30371 |  39 | 1080.4 |
       Dungeon |  16635 |  15370 |   1265 |    384 |  12161 |  15 | 1109.0 |
        Temple |     83 |     71 |     12 |      0 |     50 |   1 |   83.0 |
          Lair |   5481 |   5082 |    399 |    235 |   3685 |   5 | 1096.2 |
         Swamp |   4670 |   4533 |    137 |    515 |   3186 |   4 | 1167.5 |
   Spider Nest |   5963 |   5647 |    316 |    125 |   4508 |   4 | 1490.8 |
  Orcish Mines |   1959 |   1879 |     80 |    199 |   1299 |   2 |  979.5 |
        Vaults |   6122 |   5979 |    143 |      7 |   4961 |   4 | 1530.5 |
         Abyss |     23 |     23 |      0 |      0 |     15 |   1 |   23.0 |
         Sewer |    165 |    165 |      0 |     71 |     17 |   1 |  165.0 |
        Wizlab |    273 |    273 |      0 |     38 |     95 |   1 |  273.0 |
      Gauntlet |    757 |    757 |      0 |     92 |    392 |   1 |  757.0 |
               +--------+--------+--------+--------+--------+-----+--------+

Top non-repeatable levels by time:
Spider:4: 2397 daAuts
Vaults:2: 2346 daAuts
Vaults:3: 2107 daAuts
    D:11: 1603 daAuts
  Lair:5: 1582 daAuts
    D:13: 1571 daAuts
Vaults:1: 1553 daAuts
     D:6: 1532 daAuts
 Swamp:2: 1483 daAuts
Spider:3: 1424 daAuts
   Orc:2: 1408 daAuts
 Swamp:4: 1355 daAuts
     D:9: 1333 daAuts
    D:15: 1296 daAuts
  Lair:4: 1176 daAuts
